 Dungeon Crawl Stone Soup version 0.28.0 (webtiles) character file.

Game seed: 14665167577649390900

84 AmazingTV the Covered (level 4, -5/40 HPs)
             Began as a Minotaur Fighter on June 27, 2022.
             Slain by Crazy Yiuf (10 damage)
             ... on level 3 of the Dungeon.
             The game lasted 00:04:14 (1937 turns).

AmazingTV the Covered (Minotaur Fighter)            Turns: 1937, Time: 00:04:14

Health: -5/40      AC:  8    Str: 21    XL:     4   Next: 24%
Magic:  3/3        EV:  9    Int:  5    God:
Gold:   115        SH:  4    Dex: 11    Spells: 3/3 levels left

rFire   . . .      SeeInvis .   a - +0 war axe
rCold   . . .      Faith    .   c - +0 buckler
rNeg    . . .      Spirit   .   g - +1 scale mail {rPois}
rPois   +          Reflect  .   (helmet restricted)
rElec   .          Harm     .   (no cloak)
rCorr   .          Rampage  .   (no gloves)
Will    .....                   (no boots)
Stlth   ..........              (no amulet)
HPRegen 0.13/turn               (no ring)
MPRegen 0.08/turn               (no ring)

@: no status effects
A: horns 2, retaliatory headbutt
a: no special abilities


You were on level 3 of the Dungeon.
You visited 1 branch of the dungeon, and saw 3 of its levels.

You collected 115 gold pieces.

Inventory:

Hand Weapons
 a - a +0 war axe (weapon)
Armour
 c - a +0 buckler (worn)
 g - a +1 scale mail of poison resistance (worn)
Scrolls
 e - 2 scrolls of identify {unknown}
 h - 2 scrolls of teleportation {unknown}
 l - a scroll of enchant armour {unknown}
 m - a scroll of summoning {unknown}
Potions
 b - a potion of heal wounds {unknown}
 d - a potion of might
 f - a potion of curing {unknown}
 i - 2 potions of invisibility {unknown}
 j - a potion of brilliance {unknown}
 k - a potion of degeneration {unknown}


   Skills:
 + Level 4.1 Fighting
 + Level 3.1(3.4) Axes
 + Level 1.8(2.7) Maces & Flails
 + Level 4.1 Armour
 + Level 4.0 Shields
 + Level 1.3 Invocations


You had 3 spell levels left.
You didn't know any spells.
Your spell library contained the following spells:

 Spells                   Type           Power      Damage    Failure   Level
 Summon Small Mammal      Summ           0%         N/A       88%         1
 Static Discharge         Conj/Air       0%         N/A       95%         2
 Call Canine Familiar     Summ           0%         N/A       99%         3
 Ignite Poison            Fire/Tmut/Pois 0%         N/A       99%         3
 Mephitic Cloud           Conj/Pois/Air  0%         N/A       99%         3
 Summon Guardian Golem    Hex/Summ       0%         N/A       99%         3
 Dispel Undead            Necr           0%         3d6       100%        4
 Sticky Flame             Conj/Fire      0%         2d3       100%        4
 Freezing Cloud           Conj/Ice/Air   0%         6-21      100%        5


Dungeon Overview and Level Annotations

Branches:
Dungeon (3/15)

Altars:

Shops:
D:1 *

Annotations:
D:3 Crazy Yiuf


Innate Abilities, Weirdness & Mutations

You have a pair of horns on your head.
You reflexively headbutt those who attack you in melee.


Message History

Your headbutt misses the frilled lizard.
The frilled lizard bites you but does no damage.
The frilled lizard closely misses you. You furiously retaliate!
You headbutt the frilled lizard!
You kill the frilled lizard!
No target in view!
An endoplasm comes into view.
The endoplasm quivers.
An endoplasm is nearby!
The endoplasm freezes you.
You are frozen.
You slash the endoplasm!
You kill the endoplasm!
Found a ring mail.
Found a mace.
Found a runed translucent door.
There is a shaft here.
You open the door. You barely miss Crazy Yiuf.
Crazy Yiuf says, "Lay noodlescoop mobile!"
Crazy Yiuf closely misses you. You furiously retaliate!
You headbutt Crazy Yiuf. You closely miss Crazy Yiuf.
Crazy Yiuf is lightly wounded.
You block Crazy Yiuf's attack.
Crazy Yiuf hits you with a +3 quarterstaff of chaos.
Crazy Yiuf freezes you.
You hit Crazy Yiuf but do no damage.
Crazy Yiuf is lightly wounded.
Crazy Yiuf yells, "Whippet shoe infinity!"
Crazy Yiuf drinks a potion.
Crazy Yiuf goes berserk!
You closely miss Crazy Yiuf.
Crazy Yiuf is lightly wounded.
Crazy Yiuf hits you with a +3 quarterstaff of chaos!
You are electrocuted!
Crazy Yiuf hits you with a +3 quarterstaff of chaos!
* * * LOW HITPOINT WARNING * * *
Crazy Yiuf draws strength from your wounds!
You closely miss Crazy Yiuf.
Crazy Yiuf hits you with a +3 quarterstaff of chaos!
You die...

#............#
##.####.#.###.#
##...# #.#.# #[#
#....# ##### ###
#....# #.#.###♣♣♣♣♣
#.#.#....♣^♣♣♣ ###
#.#.......♣..♣#...#
#.#......♣♣♣♣@g...#
#.##....♣♣ ♣♣#..)#
#.#####♣♣ ### #.


You could see Crazy Yiuf (berserk).

Vanquished Creatures
  3 adders (D:2)
  2 worms
  A dart slug (D:1)
  4 orcs
  An endoplasm (D:3)
  4 giant cockroaches
  3 goblins
  9 hobgoblins
  A kobold (D:2)
  3 ball pythons
  5 bats
  4 frilled lizards
  5 rats
45 creatures vanquished.

Notes
Turn   | Place    | Note
-------+----------+-------------------------------------------
     0 | D:1      | AmazingTV the Minotaur Fighter began the quest for the Orb.
     0 | D:1      | Reached XP level 1. HP: 19/19 MP: 0/0
    96 | D:1      | Found a faded altar of an unknown god.
   119 | D:1      | Found Obonaga's Assorted Antiques.
   417 | D:1      | Reached XP level 2. HP: 27/27 MP: 1/1
  1096 | D:2      | Reached skill level 1 in Maces & Flails
  1255 | D:2      | Reached XP level 3. HP: 32/33 MP: 2/2
  1258 | D:2      | Reached skill level 1 in Invocations
  1551 | D:2      | Reached XP level 4. HP: 40/40 MP: 3/3
  1928 | D:3      | Found a runed translucent door.
  1929 | D:3      | Noticed Crazy Yiuf
  1937 | D:3      | Slain by Crazy Yiuf

Illustrated notes

Levels and vault maps discovered:
D:1:      noname_arrival_rooms_in_the_neighbourhood, layout_basic,
          hellmonk_ecumenical_altar_crossroads, serial_shops, shop
D:2:      layout_basic, grunt_decor_resistance, interstate_on_off,
          minmay_pentomino_s2
D:3:      layout_loops_ring, kennysheep_cross_room, uniq_sigmund,
          uniq_crazy_yiuf_cottage

Skill      XL: |  1  2  3 |
---------------+----------+-----
Maces & Flails | 1 |  1.8
Armour         | 4 |  4.1
Invocations    | 1 |  1.3
Fighting       | 4 |  4.1
Axes           | 3 |  3.1
Shields        | 4 |  4.0

Action                   |  1- 3 |  4- 6 || total
-------------------------+-------+-------++-------
Melee: War axe           |    77 |    25 ||   102
       Headbutt          |     9 |     2 ||    11
Armor: Scale mail        |    41 |     5 ||    46
Dodge: Dodged            |    48 |    10 ||    58
Block: Buckler           |    20 |     3 ||    23
